Map: Orbital Shipyard

Players

LilDicky - Winner!

  • Race: Terran Terran

Nachus

  • Race: Protoss Protoss

VOD

http://www.twitch.tv/tumescentpie

Description

Time

  • Played on: Nov. 19, 2015, 9:20 p.m.
  • Length: 7:12
Show
View Real Time Build Order
Export as new Build Order

LilDicky Terran - Winner!

Build Orders: MMM Bio 

Get SALT Encoding   

  12  0:06  SCV  
  13  0:18  SCV  
  14  0:34  Supply Depot  
  14  0:37  SCV  
  15  0:47  Refinery  
  15  0:55  SCV  
  16  0:57  Barracks  
  16  1:07  SCV  
  17  1:29  SCV  
  18  1:45  Marine, Orbital Command  
  18  1:46  Supply Depot  
  19  1:50  Factory  
  19  2:03  Marine  
  20  2:14  SCV, Barracks  
  21  2:16  Barracks  
  21  2:18  Refinery  
  21  2:21  Marine  
  22  2:26  SCV  
  23  2:38  SCV  
  23  2:40  Supply Depot  
  25  2:45  Barracks Tech Lab  
  25  2:50  SCV  
  25  2:51  Widow Mine  
  27  3:02  Supply Depot  
  27  3:04  Barracks Tech Lab  
  27  3:05  Barracks Reactor  
  27  3:08  Stimpack, Marine  
  27  3:11  SCV  
  29  3:22  Widow Mine  
  29  3:23  SCV  
  32  3:30  Engineering Bay  
  32  3:34  Combat Shields  
  32  3:35  SCV  
  32  3:39  Marine  
  34  3:51  SCV  
  34  3:54  Marine  
  34  3:55  Marine, Marauder  
  39  4:04  Widow Mine  
  39  4:07  SCV  
  39  4:09  Marauder  
  44  4:14  Missile Turret  
  44  4:19  SCV  
  44  4:22  Marine, Marauder  
  48  4:24  Marine  
  48  4:29  Marine  
  50  4:37  Starport  
  50  4:50  SCV  
  51  5:00  Command Center  
  51  5:02  SCV, Marine  
  51  5:07  Marine x2  
  55  5:28  Starport Reactor  
  53  5:33  SCV  
  53  5:35  Supply Depot x2  
  51  5:53  Marine  
  51  5:54  Marauder  
  56  5:57  Marauder  
Show
View Real Time Build Order
Export as new Build Order

Nachus Protoss 

Build Orders:  

Get SALT Encoding   

  12  0:02  Probe (Chrono Boost)  
  13  0:14  Probe (Chrono Boost)  
  14  0:36  Pylon  
  14  0:51  Probe (Chrono Boost)  
  15  1:04  Gateway  
  15  1:06  Probe (Chrono Boost)  
  16  1:11  Assimilator  
  16  1:17  Probe (Chrono Boost)  
  17  1:36  Probe (Chrono Boost)  
  19  1:47  Probe (Chrono Boost)  
  19  1:54  Zealot  
  22  2:01  Probe (Chrono Boost)  
  22  2:24  Probe (Chrono Boost)  
  23  2:33  Nexus  
  23  2:34  Pylon  
  23  2:41  Cybernetics Core  
  23  2:46  Pylon  
  23  2:48  Assimilator  
  23  2:53  Zealot  
  25  3:14  Probe (Chrono Boost)  
  26  3:21  Warp Gate (Chrono Boost)  
  26  3:24  Probe  
  18  3:45  Robotics Facility  
  18  3:47  Zealot  
  20  3:56  Gateway  
  20  3:58  Gateway  
  19  4:06  Probe  
  16  4:17  Zealot  
  16  4:19  Probe  
  19  4:31  Probe  
  18  4:35  Observer  
  19  4:46  Probe  
  14  5:15  Stalker x2  
Tags
 
Add a new tag
Caveats
  • Supply blocks, unpowered buildings, or Contaminate may cause inaccurate times.
  • Supply counts are checked every 10 seconds.